 Dungeon Crawl Stone Soup version 0.29.0-4-gdea44cf6ec (webtiles) character file.

Game seed: 12551353388192725497

13549 qw the Severer (level 11, -1/105 HPs)
             Began as a Minotaur Berserker on Sept 4, 2022.
             Was an Elder of Trog.
             Succumbed to a water moccasin's poison
             ... on level 3 of the Lair of Beasts.
             The game lasted 00:03:50 (13002 turns).

qw the Severer (Minotaur Berserker)                Turns: 13002, Time: 00:03:50

Health: -1/105     AC: 23    Str: 27    XL:     11   Next: 77%
Magic:  10/10      EV: 10    Int: 10    God:    Trog [****..]
Gold:   613        SH:  0    Dex:  9    Spells: 10/10 levels left

rFire   + . .      SeeInvis .   Y - +1 war axe
rCold   . . .      Faith    .   (no shield)
rNeg    . . .      Spirit   .   k - +3 chain mail {rF+}
rPois   .          Reflect  .   a - +2 hat {Will+}
rElec   .          Harm     .   h - +0 cloak
rCorr   +          Rampage  .   b - +2 pair of gloves
Will    +....                   j - +0 pair of boots
Stlth   ..........              (no amulet)
HPRegen 0.27/turn               i - ring of resist corrosion
MPRegen 0.12/turn               r - +6 ring of intelligence

@: lethally poisoned (-1 -> -18), about to teleport, on berserk cooldown,
slowed, very slow
A: horns 2, retaliatory headbutt, mutation resistance 1
a: Renounce Religion, Berserk, Trog's Hand, Brothers in Arms


You were on level 3 of the Lair of Beasts.
You worshipped Trog.
Trog was greatly pleased with you.
You visited 2 branches of the dungeon, and saw 12 of its levels.

You collected 613 gold pieces.


Innate Abilities, Weirdness & Mutations

You have a pair of horns on your head.
You reflexively headbutt those who attack you in melee.
You are somewhat resistant to further mutation.


   Skills:
 + Level 12.7 Fighting
 - Level 16.0 Axes
 - Level 10.0 Armour
 - Level 5.0 Dodging


You had 10 spell levels left.
You didn't know any spells.
Your spell library was empty.

Inventory:

Hand Weapons
 p - a +0 flail
 Y - a +1 war axe (weapon)
Armour
 a - a +2 hat of willpower (worn)
 b - a +2 pair of gloves (worn)
 h - a +0 cloak (worn)
 j - a +0 pair of boots (worn)
 k - a +3 chain mail of fire resistance (worn)
Jewellery
 i - a ring of resist corrosion (left hand)
 r - a +6 ring of intelligence (right hand)
Scrolls
 d - a scroll of identify
Potions
 c - 2 potions of haste
 e - 4 potions of curing
 f - a potion of magic {unknown}
 l - a potion of might
 q - a potion of mutation

Dungeon Overview and Level Annotations

Branches:
Dungeon (8/15)             Temple (0/1) D:4            Lair (4/5) D:8
  Swamp (0/4) Lair:2
  Snake: Lair:2-3    Spider: Lair:2-3     Slime: Lair:4-5

Altars:
Fedhas
Okawaru
Sif Muna
Vehumet
Wu Jian

Annotations:
D:2 1 runed translucent door, Crazy Yiuf


Message History

You closely miss the water moccasin. You closely miss the boggart.
The water moccasin bites you but does no damage.
The boggart barely misses you.
You miss the water moccasin.
Your headbutt misses the water moccasin.
You barely miss the boggart.
The water moccasin bites you but does no damage.
The boggart hits you but does no damage.
The water moccasin barely misses you. You furiously retaliate!
You headbutt the water moccasin! The boggart hits you.
You barely miss the water moccasin. Your punch misses the water moccasin.
The water moccasin is moderately wounded.
You barely miss the boggart.
You hit the komodo dragon but do no damage.
The komodo dragon bites you!!
The water moccasin bites you but does no damage.
The boggart hits you but does no damage.
13000 ||| READING scroll of teleportation.
As you read the scroll of teleportation, it crumbles to dust.
You feel strangely unstable.
The water moccasin bites you but does no damage.
The komodo dragon bites you but does no damage.
The boggart gestures wildly while chanting.
The boggart flickers and vanishes!
Deactivating autopickup; reactivate with Ctrl-A.
The water moccasin bites you but does no damage.
The komodo dragon bites you. Something hits you but does no damage.
You miss the water moccasin.
The water moccasin is moderately wounded.
You miss something. You slash the komodo dragon!
The water moccasin closely misses you.
You hear some strange, mumbled words.
The komodo dragon bites you!! The water moccasin bites you.
You are lethally poisoned!
The water moccasin poisons you!
You slice the water moccasin!!
You kill the water moccasin!
The water moccasin's corpse dissolves into shadows!
You closely miss the komodo dragon. You barely miss something.
You die...

#. ####.. .......
..###..#.....
#...##..P....####
....#.........#P# {7
.............k..#77 7.D.
...............{@.7777YY7
..............#l...7.Y7
..............#..#7.7
.............##...777
..............#...7
................P..
..##...........#.P.#
..#.#.?.###.....#P.#
.####P..# #.........


You could see a komodo dragon (summoned) and a rime drake (summoned).

Vanquished Creatures
  A hydra (Lair:2)
  A two-headed ogre (D:6)
  Pikel (D:4)
  An oklob plant (Lair:1)
  4 elephants (Lair:1)
  2 black mambas
  3 cane toads (Lair:1)
  2 rime drakes
  2 komodo dragons (Lair:2)
  A kobold demonologist (D:6)
  3 wyverns
  6 yaks
  Eustachio (D:4)
  4 basilisks
  A steam dragon (D:8)
  An acid dragon (D:8)
  Duvessa (D:6)
  11 water moccasins
  An orc warrior (D:6)
  2 black bears
  3 ice beasts
  An ogre (D:5)
  10 wolves
  A boggart (Lair:3)
  A centaur (D:5)
  3 lemures (D:4)
  A kobold brigand (D:6)
  Blork the orc (D:4)
  11 bullfrogs
  3 scorpions
  A necrophage (D:7)
  4 wights (D:8)
  Dowan (D:6)
  2 electric eels (Lair:1)
  A crimson imp (D:4)
  3 hounds
  A gnoll bouda (D:7)
  5 orc priests
  2 jellies (D:5)
  5 iguanas
  Natasha (twice) (D:2)
  5 orc wizards
  4 gnolls (D:7)
  11 adders
  2 white imps
  2 worms
  A dart slug (D:2)
  25 orcs
  3 bats
  5 endoplasms
  3 giant cockroaches
  9 goblins
  12 hobgoblins
  4 jackals (D:1)
  10 kobolds
  3 quokkas (D:1)
  A ball python (D:1)
  3 frilled lizards
  11 rats
225 creatures vanquished.

Vanquished Creatures (others)
  25 fungi
  56 plants
  16 toadstools (Lair:1)
97 creatures vanquished.

Grand Total: 322 creatures vanquished

Notes
Turn   | Place    | Note
-------+----------+-------------------------------------------
     0 | D:1      | qw the Minotaur Berserker began the quest for the Orb.
     0 | D:1      | Reached XP level 1. HP: 19/19 MP: 0/0
     0 | D:1      | 0 ||| qw: Version: 0.1-a-103-gd6f5d3a
     0 | D:1      | 0 ||| qw: Game counter: 5469
     0 | D:1      | 0 ||| qw: Always use a shield: true
     0 | D:1      | 0 ||| qw: Do Orc after D:15 true
     0 | D:1      | 0 ||| qw: Do second Lair branch before Depths: true
     0 | D:1      | 0 ||| qw: Lair rune preference: random
     0 | D:1      | 0 ||| qw: Plans: Normal
     0 | D:1      | 0 ||| PLANNING D:1-11
   111 | D:1      | Reached skill level 4 in Axes
   129 | D:1      | 129 ||| Stepping ~*~*~tactically~*~*~ (stealth).
   149 | D:1      | 149 ||| Stepping ~*~*~tactically~*~*~ (stealth).
   150 | D:1      | 150 ||| Stepping ~*~*~tactically~*~*~ (stealth).
   154 | D:1      | Reached XP level 2. HP: 26/26 MP: 1/1
   222 | D:1      | 222 ||| INVOKING Berserk.
   530 | D:1      | 530 ||| Stepping ~*~*~tactically~*~*~ (stealth).
   541 | D:1      | 541 ||| Stepping ~*~*~tactically~*~*~ (stealth).
   551 | D:1      | Reached skill level 5 in Axes
   735 | D:1      | 735 ||| Stepping ~*~*~tactically~*~*~ (stealth).
   784 | D:1      | Reached XP level 3. HP: 31/31 MP: 2/2
   810 | D:1      | 810 ||| SWAPPING to +1 hand axe of flaming.
   811 | D:1      | 811 ||| DROPPING +0 hand axe.
   812 | D:1      | 812 ||| DROPPING +0 club.
  1230 | D:1      | 1230 ||| READING scroll labelled DAYHIO SEPS.
  1231 | D:1      | 1231 ||| READING scroll labelled NUAHUR POAQA.
  1232 | D:1      | 1232 ||| READING 2 scrolls labelled CAS QUECWOMEX.
  1233 | D:1      | 1233 ||| READING scroll labelled USHACSOEDO.
  1234 | D:1      | 1234 ||| READING 2 scrolls labelled NUQEDI ZOLEZEOMUA.
  1235 | D:1      | 1235 ||| DROPPING scroll of vulnerability.
  1258 | D:2      | 1258 ||| STAIRDANCE
  1433 | D:2      | Reached skill level 6 in Axes
  1433 | D:2      | Reached XP level 4. HP: 21/39 MP: 3/3
  1620 | D:2      | 1620 ||| Stepping ~*~*~tactically~*~*~ (stealth).
  1621 | D:2      | 1621 ||| Stepping ~*~*~tactically~*~*~ (stealth).
  1622 | D:2      | 1622 ||| Stepping ~*~*~tactically~*~*~ (stealth).
  1624 | D:2      | 1624 ||| Stepping ~*~*~tactically~*~*~ (stealth).
  1629 | D:2      | Reached ** piety under Trog
  1633 | D:2      | 1633 ||| INVOKING Berserk.
  1658 | D:2      | 1658 ||| Stepping ~*~*~tactically~*~*~ (stealth).
  1861 | D:2      | 1861 ||| Stepping ~*~*~tactically~*~*~ (stealth).
  1862 | D:2      | 1862 ||| Stepping ~*~*~tactically~*~*~ (stealth).
  1876 | D:2      | 1876 ||| FLEEEEING.
  1877 | D:2      | 1877 ||| FLEEEEING.
  1878 | D:2      | 1878 ||| FLEEEEING.
  1879 | D:2      | 1879 ||| FLEEEEING.
  1880 | D:2      | 1880 ||| FLEEEEING.
  1881 | D:2      | 1881 ||| FLEEEEING.
  1882 | D:2      | 1882 ||| FLEEEEING.
  1883 | D:2      | 1883 ||| FLEEEEING.
  1884 | D:2      | 1884 ||| FLEEEEING.
  1885 | D:2      | 1885 ||| FLEEEEING.
  1886 | D:2      | 1886 ||| FLEEEEING.
  1887 | D:2      | 1887 ||| FLEEEEING.
  1888 | D:2      | 1888 ||| FLEEEEING.
  1889 | D:2      | 1889 ||| FLEEEEING.
  1890 | D:2      | 1890 ||| FLEEEEING.
  1891 | D:2      | 1891 ||| FLEEEEING.
  2039 | D:2      | 2039 ||| Stepping ~*~*~tactically~*~*~ (stealth).
  2078 | D:2      | Reached XP level 5. HP: 45/45 MP: 4/4
  2096 | D:2      | Found a runed translucent door.
  2097 | D:2      | Noticed Crazy Yiuf
  2199 | D:2      | Reached skill level 7 in Axes
  2222 | D:2      | Noticed Natasha
  2223 | D:2      | 2223 ||| Stepping ~*~*~tactically~*~*~ (hiding).
  2325 | D:2      | 2325 ||| Stepping ~*~*~tactically~*~*~ (hiding).
  2427 | D:2      | 2427 ||| Stepping ~*~*~tactically~*~*~ (hiding).
  2529 | D:2      | 2529 ||| Stepping ~*~*~tactically~*~*~ (hiding).
  2632 | D:2      | 2632 ||| INVOKING Berserk.
  2636 | D:2      | Killed Natasha
  2809 | D:2      | 2809 ||| Stepping ~*~*~tactically~*~*~ (stealth).
  2825 | D:2      | 2825 ||| FLEEEEING.
  2826 | D:2      | 2826 ||| FLEEEEING.
  2827 | D:2      | 2827 ||| FLEEEEING.
  2828 | D:2      | 2828 ||| FLEEEEING.
  2829 | D:2      | 2829 ||| FLEEEEING.
  2922 | D:2      | 2922 ||| UPGRADING to +0 leather armour.
  2932 | D:2      | 2932 ||| DROPPING +0 animal skin.
  2933 | D:2      | 2933 ||| READING scroll labelled TUGIEL YKLAE.
  2934 | D:2      | 2934 ||| DRINKING 2 bubbling inky potions.
  2962 | D:2      | Noticed Natasha
  2963 | D:2      | 2963 ||| Stepping ~*~*~tactically~*~*~ (stealth).
  2967 | D:2      | 2967 ||| INVOKING Berserk.
  2971 | D:2      | Killed Natasha
  3718 | D:3      | 3718 ||| UPGRADING to +0 pair of gloves.
  3723 | D:3      | 3723 ||| UPGRADING to +0 ring mail.
  3733 | D:3      | 3733 ||| DROPPING +0 leather armour.
  3734 | D:3      | 3734 ||| UPGRADING to +0 cloak.
  3739 | D:3      | 3739 ||| UPGRADING to +0 pair of boots.
  3744 | D:3      | 3744 ||| READING scroll of enchant armour.
  3744 | D:3      | 3744 ||| ENCHANTING +0 pair of gloves.
  3745 | D:3      | 3745 ||| READING scroll labelled IXOISE AHEMUPO.
  3745 | D:3      | Identified a scroll of acquirement
  3745 | D:3      | 3745 ||| ACQUIRING +0 hat of willpower
  3745 | D:3      | Acquired a +0 hat of willpower
  3747 | D:3      | 3747 ||| UPGRADING to +0 hat of willpower.
  3752 | D:3      | 3752 ||| READING scroll labelled BIUFFAI EGAEL.
  3753 | D:3      | 3753 ||| READING scroll labelled IJICKOIBURU.
  3756 | D:3      | 3756 ||| READING scroll labelled IRAVVOS WOG.
  3774 | D:4      | 3774 ||| STAIRDANCE
  3817 | D:4      | Found a staircase to the Ecumenical Temple.
  3898 | D:4      | Reached skill level 8 in Axes
  3898 | D:4      | Reached XP level 6. HP: 43/52 MP: 5/5
  3958 | D:4      | 3958 ||| Stepping ~*~*~tactically~*~*~ (stealth).
  4215 | D:4      | Identified the +4 ring mail of the Hurling Gods {rN+ Dex+3}
  4269 | D:4      | Reached skill level 9 in Axes
  4276 | D:4      | Noticed Eustachio
  4283 | D:4      | 4283 ||| INVOKING Berserk.
  4287 | D:4      | Killed Eustachio
  4288 | D:4      | Reached XP level 7. HP: 61/61 MP: 6/6
  4402 | D:4      | Noticed Pikel
  4414 | D:4      | 4414 ||| INVOKING Berserk.
  4420 | D:4      | Killed Pikel
  4421 | D:4      | Reached skill level 10 in Axes
  4421 | D:4      | Reached XP level 8. HP: 69/69 MP: 7/7
  4613 | D:4      | Noticed Blork the orc
  4614 | D:4      | 4614 ||| Stepping ~*~*~tactically~*~*~ (hiding).
  4617 | D:4      | 4617 ||| INVOKING Berserk.
  4620 | D:4      | Killed Blork the orc
  4621 | D:4      | Reached skill level 3 in Armour
  4857 | D:4      | 4857 ||| UPGRADING to +4 ring mail of the Hurling Gods {rN+
                  | Dex+3}.
  4867 | D:4      | 4867 ||| DROPPING +0 ring mail.
  4868 | D:4      | 4868 ||| READING scroll labelled JASMAE UGIE.
  4931 | D:4      | 4931 ||| DROPPING +0 whip of flaming.
  4932 | D:4      | 4932 ||| DRINKING 2 cyan potions.
  4933 | D:4      | 4933 ||| READING 3 scrolls of identify.
  4933 | D:4      | 4933 ||| IDENTIFYING fizzy purple potion
  4934 | D:4      | 4934 ||| READING 2 scrolls of identify.
  4934 | D:4      | 4934 ||| IDENTIFYING glowing dark potion
  4935 | D:4      | 4935 ||| DROPPING potion of flight.
  4936 | D:4      | 4936 ||| DROPPING potion of ambrosia.
  4951 | D:5      | Entered Level 5 of the Dungeon
  4952 | D:5      | 4952 ||| Stepping ~*~*~tactically~*~*~ (hiding).
  5180 | D:5      | Reached *** piety under Trog
  5181 | D:5      | Reached skill level 6 in Fighting
  5239 | D:5      | Reached skill level 11 in Axes
  5244 | D:5      | 5244 ||| INVOKING Berserk.
  5389 | D:5      | Reached skill level 3 in Dodging
  5407 | D:5      | 5407 ||| INVOKING Berserk.
  5559 | D:5      | 5559 ||| READING scroll of enchant armour.
  5559 | D:5      | 5559 ||| ENCHANTING +1 pair of gloves.
  5588 | D:5      | 5588 ||| INVOKING Berserk.
  5941 | D:5      | 5941 ||| UPGRADING to +0 chain mail.
  5951 | D:5      | 5951 ||| DROPPING +4 ring mail of the Hurling Gods {rN+
                  | Dex+3}.
  5952 | D:5      | 5952 ||| UPGRADING to ring of resist corrosion.
  5953 | D:5      | 5953 ||| READING scroll labelled RUWASHRIPNI.
  5954 | D:5      | 5954 ||| READING scroll labelled WUECIP HANNU.
  5955 | D:5      | 5955 ||| READING 3 scrolls of identify.
  5955 | D:5      | 5955 ||| IDENTIFYING fizzy yellow potion
  5960 | D:6      | Noticed Dowan
  5961 | D:6      | Noticed Duvessa
  5963 | D:6      | 5963 ||| INVOKING Berserk.
  5970 | D:6      | Killed Dowan
  5971 | D:6      | Killed Duvessa
  6148 | D:6      | 6148 ||| INVOKING Berserk.
  6152 | D:6      | Reached skill level 12 in Axes
  6288 | D:6      | 6288 ||| SWAPPING to +0 war axe.
  6289 | D:6      | 6289 ||| DROPPING +2 hand axe of protection.
  6421 | D:6      | 6421 ||| INVOKING Berserk.
  6526 | D:6      | Found a radiant altar of Vehumet.
  6537 | D:6      | 6537 ||| DROPPING +1 whip of draining.
  6542 | D:6      | Found an ornate altar of the Wu Jian Council.
  6545 | D:6      | Found a shimmering blue altar of Sif Muna.
  6555 | D:6      | Found an iron altar of Okawaru.
  6718 | D:6      | Reached XP level 9. HP: 79/79 MP: 8/8
  6769 | D:6      | Noticed a two-headed ogre
  6774 | D:6      | 6774 ||| INVOKING Berserk.
  6778 | D:6      | Killed a two-headed ogre
  6779 | D:6      | Reached skill level 13 in Axes
  6807 | D:6      | Noticed a kobold demonologist
  6815 | D:6      | Noticed a smoke demon
  6828 | D:6      | Noticed a sixfirhy
  6828 | D:6      | Killed a kobold demonologist
  6829 | D:6      | Reached skill level 6 in Armour
  7124 | D:6      | 7124 ||| UPGRADING to +3 chain mail of fire resistance.
  7134 | D:6      | 7134 ||| DROPPING +0 chain mail.
  7135 | D:6      | 7135 ||| DROPPING +2 pair of gloves.
  7136 | D:6      | 7136 ||| UPGRADING to +6 ring of intelligence.
  7137 | D:6      | 7137 ||| READING scroll labelled SIS MUESIUMUFE.
  7138 | D:6      | 7138 ||| DRINKING 2 bubbling pink potions.
  7138 | D:6      | Gained mutation: You are somewhat resistant to further
                  | mutation. [potion of mutation]
  7180 | D:7      | 7180 ||| STAIRDANCE
  7228 | D:7      | 7228 ||| STAIRDANCE
  7335 | D:7      | 7335 ||| INVOKING Berserk.
  7354 | D:7      | 7354 ||| FLEEEEING.
  7355 | D:7      | 7355 ||| FLEEEEING.
  7359 | D:7      | 7359 ||| STAIRDANCE
  7485 | D:7      | 7485 ||| Stepping ~*~*~tactically~*~*~ (stealth).
  7759 | D:7      | 7759 ||| READING scroll of enchant weapon.
  7759 | D:7      | 7759 ||| ENCHANTING +0 war axe.
  7834 | D:7      | 7834 ||| Stepping ~*~*~tactically~*~*~ (stealth).
  7836 | D:7      | 7836 ||| Stepping ~*~*~tactically~*~*~ (hiding).
  7843 | D:7      | 7843 ||| INVOKING Berserk.
  7972 | D:7      | 7972 ||| DROPPING ring of flight.
  7973 | D:7      | 7973 ||| READING 3 scrolls of identify.
  7973 | D:7      | 7973 ||| IDENTIFYING fizzy white potion
  7974 | D:7      | 7974 ||| DROPPING potion of degeneration.
  8056 | D:8      | Found a staircase to the Lair.
  8111 | D:8      | 8111 ||| Stepping ~*~*~tactically~*~*~ (stealth).
  8115 | D:8      | 8115 ||| Stepping ~*~*~tactically~*~*~ (stealth).
  8118 | D:8      | 8118 ||| Stepping ~*~*~tactically~*~*~ (hiding).
  8119 | D:8      | 8119 ||| Stepping ~*~*~tactically~*~*~ (hiding).
  8121 | D:8      | 8121 ||| Stepping ~*~*~tactically~*~*~ (hiding).
  8122 | D:8      | 8122 ||| Stepping ~*~*~tactically~*~*~ (hiding).
  8126 | D:8      | 8126 ||| INVOKING Berserk.
  8132 | D:8      | Reached skill level 14 in Axes
  8292 | D:8      | Reached XP level 10. HP: 88/88 MP: 9/9
  8317 | D:8      | 8317 ||| READING scroll of enchant armour.
  8317 | D:8      | 8317 ||| ENCHANTING +0 hat of willpower.
  8605 | D:8      | 8605 ||| INVOKING Berserk.
  9064 | D:8      | 9064 ||| PLANNING LAIR
  9064 | D:8      | 9064 ||| READING 2 scrolls of identify.
  9064 | D:8      | 9064 ||| IDENTIFYING murky blue potion
  9065 | D:8      | 9065 ||| DROPPING potion of lignification.
  9098 | Lair:1   | Entered Level 1 of the Lair of Beasts
  9101 | Lair:1   | 9101 ||| INVOKING Berserk.
  9256 | Lair:1   | Reached skill level 15 in Axes
  9282 | Lair:1   | Noticed a cane toad
  9286 | Lair:1   | 9286 ||| INVOKING Berserk.
  9288 | Lair:1   | Killed a cane toad
  9289 | Lair:1   | Reached skill level 9 in Fighting
  9424 | Lair:1   | Noticed an elephant
  9427 | Lair:1   | Noticed an elephant
  9431 | Lair:1   | Noticed an elephant
  9432 | Lair:1   | 9432 ||| Stepping ~*~*~tactically~*~*~ (stealth).
  9438 | Lair:1   | Noticed an elephant
  9439 | Lair:1   | 9439 ||| Stepping ~*~*~tactically~*~*~ (stealth).
  9441 | Lair:1   | 9441 ||| Stepping ~*~*~tactically~*~*~ (stealth).
  9448 | Lair:1   | Killed an elephant
  9449 | Lair:1   | 9449 ||| INVOKING Berserk.
  9455 | Lair:1   | Killed an elephant
  9457 | Lair:1   | Killed an elephant
  9461 | Lair:1   | Killed an elephant
  9467 | Lair:1   | Reached skill level 16 in Axes
  9822 | Lair:1   | 9822 ||| Stepping ~*~*~tactically~*~*~ (stealth).
  9828 | Lair:1   | 9828 ||| Stepping ~*~*~tactically~*~*~ (stealth).
  9829 | Lair:1   | 9829 ||| Stepping ~*~*~tactically~*~*~ (stealth).
  9833 | Lair:1   | 9833 ||| Stepping ~*~*~tactically~*~*~ (stealth).
  9872 | Lair:1   | Noticed a cane toad
  9873 | Lair:1   | 9873 ||| INVOKING Berserk.
  9876 | Lair:1   | Killed a cane toad
  9996 | Lair:1   | Noticed a cane toad
 10000 | Lair:1   | 10000 ||| INVOKING Berserk.
 10003 | Lair:1   | Killed a cane toad
 10186 | Lair:1   | 10186 ||| INVOKING Berserk.
 10391 | Lair:1   | Found a blossoming altar of Fedhas.
 10433 | Lair:1   | Noticed an oklob plant
 10497 | Lair:1   | 10497 ||| Stepping ~*~*~tactically~*~*~ (hiding).
 10572 | Lair:1   | Reached XP level 11. HP: 91/100 MP: 10/10
 10614 | Lair:1   | 10614 ||| Stepping ~*~*~tactically~*~*~ (stealth).
 10631 | Lair:1   | 10631 ||| INVOKING Berserk.
 11062 | Lair:1   | 11062 ||| INVOKING Berserk.
 11066 | Lair:1   | Killed an oklob plant
 11067 | Lair:1   | Reached skill level 9 in Armour
 11253 | Lair:2   | 11253 ||| INVOKING Berserk.
 11288 | Lair:2   | 11288 ||| STAIRDANCE
 11408 | Lair:2   | Identified the +1 robe of the Evening Star {rElec Will+}
 11424 | Lair:2   | Noticed a five-headed hydra
 11425 | Lair:2   | 11425 ||| INVOKING Berserk.
 11449 | Lair:2   | HP: 37/153 [12-headed hydra (10)]
 11450 | Lair:2   | Killed a 12-headed hydra
 11453 | Lair:2   | HP: 18/153 [wolf (5)]
 11462 | Lair:2   | Reached skill level 12 in Fighting
 11876 | Lair:2   | 11876 ||| Stepping ~*~*~tactically~*~*~ (hiding).
 11877 | Lair:2   | 11877 ||| Stepping ~*~*~tactically~*~*~ (hiding).
 11903 | Lair:2   | You fall into a shaft and drop 2 floors!
 11908 | Lair:4   | 11908 ||| INVOKING Berserk.
 12003 | Lair:3   | 12003 ||| DRINKING potion of cancellation.
 12088 | Lair:3   | Reached **** piety under Trog
 12098 | Lair:3   | 12098 ||| Stepping ~*~*~tactically~*~*~ (stealth).
 12231 | Lair:2   | Found a staircase to the Swamp.
 12232 | Lair:2   | 12232 ||| Stepping ~*~*~tactically~*~*~ (stealth).
 12235 | Lair:2   | 12235 ||| INVOKING Berserk.
 12447 | Lair:2   | 12447 ||| READING scroll of enchant armour.
 12447 | Lair:2   | 12447 ||| ENCHANTING +1 hat of willpower.
 12872 | Lair:2   | 12872 ||| READING 3 scrolls of identify.
 12872 | Lair:2   | 12872 ||| IDENTIFYING puce potion
 12873 | Lair:2   | 12873 ||| READING 2 scrolls of identify.
 12873 | Lair:2   | 12873 ||| IDENTIFYING ruby potion
 12874 | Lair:2   | 12874 ||| DROPPING potion of berserk rage.
 12875 | Lair:2   | 12875 ||| DROPPING potion of brilliance.
 12958 | Lair:3   | Noticed an eight-headed hydra
 12959 | Lair:3   | 12959 ||| Stepping ~*~*~tactically~*~*~ (stealth).
 12981 | Lair:3   | 12981 ||| INVOKING Berserk.
 12999 | Lair:3   | HP: 26/105 [komodo dragon[a boggart] (19)]
 13000 | Lair:3   | 13000 ||| READING scroll of teleportation.
 13001 | Lair:3   | HP: 5/105 [komodo dragon[a boggart] (21)]
 13002 | Lair:3   | Succumbed to a water moccasin's poison

Levels and vault maps discovered:
D:1:      lightli_arrival_windingriver, layout_basic
D:2:      layout_basic, serial_bayou_pond_b, minmay_goblin_outpost,
          uniq_natasha, uniq_crazy_yiuf_cottage
D:3:      layout_basic
D:4:      layout_basic, minmay_temple_entry_enclosed_plants,
          minmay_fire_ice_demons, uniq_eustachio, uniq_blork_the_orc, uniq_pikel
D:5:      layout_rooms, minmay_misc_feat_iff, hangedman_decor_diamond_cutter,
          chequers_serial_rivers_micro_a
D:6:      layout_basic, grunt_temple_overflow_cloverleaf,
          minmay_manual_monstrance, uniq_duvessa
D:7:      layout_rooms
D:8:      layout_basic, dpeg_oklobed_lair
Lair:1:   layout_regular_city, tgw_fedhas, serial_bayou_shore_a,
          grunt_megastairs_4
Lair:2:   layout_long_grid, minmay_swamp_entry_reptiles, grunt_megastairs_2
Lair:3:   layout_gridlike, spider_nest_entry_webs, kilobyte_rumbling_trees
Lair:4:   layout_small_grid, slime_entry_1, grunt_megastairs_1, uniq_urug

Skill      XL: |  1  2  3  4  5  6  7  8  9 10 11 |
---------------+----------------------------------+-----
Axes           | 4 5 6 8 9 10 12 14 16 | 16.0
Fighting       | 4 5 7 8 10 12 | 12.7
Armour         | 5 6 8 10 | 10.0
Dodging        | 3 5 |  5.0

Action                   |  1- 3 |  4- 6 |  7- 9 | 10-12 || total
-------------------------+-------+-------+-------+-------++-------
Melee: Hand axe          |    75 |   120 |    77 |       ||   272
       Headbutt          |     7 |    17 |    38 |    56 ||   118
       War axe           |       |       |   118 |   251 ||   369
       Punch             |       |       |     3 |     8 ||    11
Invok: Berserk           |     1 |     4 |    12 |    14 ||    31
  Use: Scroll            |     5 |     6 |    10 |     6 ||    27
       Potion            |       |     1 |     2 |     1 ||     4
Armor: Animal skin       |    11 |     7 |       |       ||    18
       Ring mail         |       |    13 |    20 |       ||    33
       Leather armour    |       |     1 |       |       ||     1
       Chain mail        |       |       |    68 |   151 ||   219
Dodge: Dodged            |    56 |    61 |    84 |    82 ||   283

Table legend:
 A = Non-vault XP
 B = Vault XP
 C = Vault XP percentage of total XP
 D = Non-vault monster count
 E = Vault monster count
 F = Vault count percentage of total count
                 A         B        C        D         E       F
            +---------+---------+-------+---------+---------+-------
      Total |   13248 |    6108 |  31.6 |     185 |      37 |  16.7
            +---------+---------+-------+---------+---------+-------
        D:1 |      59 |       0 |   0.0 |      27 |       0 |   0.0
        D:2 |     155 |      68 |  30.5 |      18 |      14 |  43.8
        D:3 |      29 |       0 |   0.0 |      11 |       0 |   0.0
        D:4 |     256 |     965 |  79.0 |      15 |       5 |  25.0
        D:5 |     672 |       0 |   0.0 |      15 |       0 |   0.0
        D:6 |     859 |    1175 |  57.8 |      21 |       5 |  19.2
        D:7 |     759 |       0 |   0.0 |      14 |       0 |   0.0
        D:8 |    1349 |       0 |   0.0 |      18 |       0 |   0.0
     Lair:1 |    3464 |    2529 |  42.2 |      18 |       5 |  21.7
     Lair:2 |    4067 |    1017 |  20.0 |      20 |       5 |  20.0
     Lair:3 |    1111 |     354 |  24.2 |       7 |       3 |  30.0
     Lair:4 |     468 |       0 |   0.0 |       1 |       0 |   0.0
            +---------+---------+-------+---------+---------+-------
